 Dungeon Crawl Stone Soup version 0.21-a0-78-g82a99e0 (webtiles) character file.

812 Cerlinad the Covert (level 7, -1/52 HPs)
             Began as a Vampire Assassin on June 21, 2017.
             Was a Believer of Dithmenos.
             Shot with an arrow by a centaur (9 damage)
             ... on level 6 of the Dungeon.
             The game lasted 01:06:07 (5342 turns).

Cerlinad the Covert (Vampire Assassin)              Turns: 5342, Time: 01:06:07

Health: -1/52      AC:  4    Str: 10    XL:     7   Next: 61%
Magic:  7/7        EV: 12    Int: 14    God:    Dithmenos [**....]
Gold:   178        SH:  0    Dex: 17    Spells: 6/6 levels left

rFire    + . .     SeeInvis +   v - +0 short sword
rCold    . . .     Gourm    .   (no shield)
rNeg     . . .     Faith    .   h - +0 leather armour
rPois    .         Spirit   .   (no helmet)
rElec    .         Reflect  .   d - +0 cloak
rCorr    .         Harm     .   (no gloves)
MR       .....                  (no boots)
Stlth    +++++.....             (no amulet)
HPRegen  0.37/turn              t - ring of protection from cold
MPRegen  0.10/turn              q - ring of fire

@: regenerating quickly, wreathed by umbra
A: fangs 3, see invisible, unbreathing
a: Shadow Step, Renounce Religion


You were on level 6 of the Dungeon.
You worshipped Dithmenos.
Dithmenos was pleased with you.
You were full.

You visited 1 branch of the dungeon, and saw 6 of its levels.

You collected 178 gold pieces.

Inventory:

Hand Weapons
 a - a +2 dagger
 b - a +0 blowgun
 k - a +0 hunting sling
 u - a +0 dagger of draining
 v - a +0 short sword (weapon)
 w - a +1 dagger of draining
 z - a +0 short sword
 C - a +1 whip of electrocution
Missiles
 e - 52 poisoned needles
 f - a curare-tipped needle (quivered)
 j - 3 throwing nets
Armour
 c - a +0 plate armour
 d - a +0 cloak (worn)
 h - a +0 leather armour (worn)
 n - a +2 leather armour of magic resistance
Jewellery
 q - a ring of fire (right hand)
 r - an uncursed ring of resist corrosion
 t - a ring of protection from cold (left hand)
Wands
 l - a wand of disintegration (10/24)
 s - a wand of random effects (30/48)
Scrolls
 m - 3 scrolls of teleportation
 o - a scroll of remove curse
 y - a scroll of amnesia
 A - a scroll of brand weapon {unknown}
 B - a scroll of magic mapping {unknown}
Potions
 g - a potion of magic {unknown}
 x - a potion of degeneration {unknown}


   Skills:
 + Level 3.3 Fighting
 + Level 4.8 Short Blades
 + Level 2.2 Throwing
 + Level 2.5 Armour
 + Level 2.3 Dodging
 * Level 9.9 Stealth
 * Level 0.3 Invocations


You had 6 spell levels left.
You didn't know any spells.

Dungeon Overview and Level Annotations

Branches:
Dungeon (6/15)             Temple (0/1) D:5

Altars:
Cheibriados
Dithmenos
Fedhas
Makhleb
Nemelex Xobeh
Ru
Trog
Uskayaw
Wu Jian


Innate Abilities, Weirdness & Mutations

Your natural rate of healing is unusually fast.
You have razor-sharp teeth.
You have supernaturally acute eyesight. (SInv)
You can survive without breathing.


Message History

The arrow closely misses you.
You see here 2 arrows.
Found a falchion.
The centaur shoots an arrow.
The arrow closely misses you.
The centaur shoots an arrow.
The arrow hits you.
The centaur shoots an arrow.
The arrow closely misses you.
You see here 2 arrows.
Your resistance to elements expires.
The centaur shoots an arrow.
The arrow closely misses you.
Things that are here:
an arrow; a tiny garnet amulet The centaur shoots an arrow.
The arrow misses you.
You see here an arrow.
The centaur shoots an arrow.
The arrow hits you!
You see here an arrow.
The centaur shoots an arrow.
The arrow hits you!
* * * LOW HITPOINT WARNING * * *
You see here an arrow.
The centaur shoots an arrow.
The arrow hits you!
You die...

#..((.(....##
##.(..c....<.#
#............##
#.......<.....#
#.....(.......##....#
#.............#.....
#.......(.....#....
##............#...#
#........@####...#
###....#...## ...#
#######...##...#
##.......###
##........#
##.........
##........ ##.......
.......


You could see a centaur.

Vanquished Creatures
  2 ogres (D:4)
  A centaur (D:5)
  A crimson imp (D:5)
  2 bullfrog zombies (D:5)
  A centaur skeleton (D:4)
  A bullfrog skeleton (D:6)
  3 orc wizards
  2 worker ants
  6 gnolls
  4 adders
  4 river rats (D:5)
  A shadow imp (D:5)
  2 oozes (D:2)
  6 worms
  A dart slug (D:1)
  A leopard gecko (D:6)
  10 orcs
  8 giant cockroaches
  10 goblins
  6 hobgoblins
  10 jackals
  5 kobolds
  2 quokkas
  4 ball pythons
  10 bats
  4 frilled lizards
  A giant cockroach zombie (D:5)
  A jackal skeleton (D:5)
  9 rats
  A plant (D:5)
119 creatures vanquished.

Notes
Turn   | Place    | Note
-------+----------+-------------------------------------------
     0 | D:1      | Cerlinad the Vampire Assassin began the quest for the Orb.
     0 | D:1      | Reached XP level 1. HP: 16/16 MP: 1/1
   103 | D:1      | Reached skill level 6 in Stealth
   328 | D:1      | Reached XP level 2. HP: 19/22 MP: 2/2
   489 | D:1      | Found a sparkling altar of Nemelex Xobeh.
   645 | D:1      | HP: 1/22 [worm (9)]
   992 | D:1      | Reached skill level 7 in Stealth
  1002 | D:1      | Reached XP level 3. HP: 20/27 MP: 3/3
  1349 | D:2      | Found a blossoming altar of Fedhas.
  1493 | D:2      | Found a sacrificial altar of Ru.
  1496 | D:2      | Reached XP level 4. HP: 33/33 MP: 4/4
  1509 | D:2      | Reached skill level 1 in Armour
  1588 | D:2      | Found a hide-covered altar of Uskayaw.
  1588 | D:2      | Found a shadowy altar of Dithmenos.
  1595 | D:2      | Found a faded altar of an unknown god.
  1613 | D:2      | Found a burning altar of Makhleb.
  1614 | D:2      | Found an ornate altar of the Wu Jian Council.
  1636 | D:2      | Became a worshipper of Dithmenos the Shadowed
  1900 | D:2      | Found a bloodstained altar of Trog.
  1900 | D:2      | Found a snail-covered altar of Cheibriados.
  2231 | D:3      | Reached skill level 8 in Stealth
  2234 | D:3      | Reached XP level 5. HP: 34/38 MP: 5/5
  2976 | D:4      | Noticed an ogre
  2983 | D:4      | Killed an ogre
  2983 | D:4      | Reached * piety under Dithmenos
  2983 | D:4      | Reached XP level 6. HP: 46/46 MP: 6/6
  3043 | D:4      | Found a glowing drain.
  3047 | D:4      | Reached skill level 9 in Stealth
  3295 | D:4      | Found a shadowy altar of Dithmenos.
  3383 | D:4      | HP: 2/46 [gnoll/whip (6)]
  3995 | D:5      | Entered Level 5 of the Dungeon
  4397 | D:5      | Reached XP level 7. HP: 42/52 MP: 7/7
  5077 | D:5      | Found a staircase to the Ecumenical Temple.
  5273 | D:6      | Reached ** piety under Dithmenos
  5342 | D:6      | Shot with an arrow by a centaur

Vault maps used:
D:1:      ncdulo_smallfort, nemelex_diamond_rough_becter
D:2:      nicolae_ru_great_annihilating_truth, gammafunk_temple_overflow_wave,
          chequers_temple_overflow_minitemple, fedhas_altar_1
D:4:      lemuel_upstairs_altar, cheibrodos_sewer_entry_drain, first_bread,
          grunt_dithmenos_smoke_and_mirrors
D:5:      wad_woods_tower, minmay_temple_entry_enclosed_plants,
          kennysheep_another_room, roderic_serpentine_path
D:6:      kennysheep_big_flooded_room, gup_ossuary_entry_pyramid, dk_vineyard_2

Skill      XL: |  1  2  3  4  5  6  7 |
---------------+----------------------+-----
Stealth        | 6 7 8 9 |  9.9
Fighting       | 2 3 |  3.3
Short Blades   | 3 4 |  4.8
Armour         | 1 2 |  2.5
Throwing       | 2 |  2.2
Dodging        | 2 |  2.3
Invocations    | |  0.3

Action                   |  1- 3 |  4- 6 |  7- 9 || total
-------------------------+-------+-------+-------++-------
Melee: Dagger            |   108 |   173 |       ||   281
       Bite              |     8 |    33 |    24 ||    65
       Short sword       |       |    61 |   152 ||   213
 Fire: Blowgun           |     4 |    37 |       ||    41
  Use: Scroll            |     4 |     8 |       ||    12
       Potion            |     5 |     4 |     3 ||    12
 Stab: Sleeping          |    12 |     9 |     5 ||    26
       Distracted        |     1 |     2 |     1 ||     4
       Paralysed         |       |     1 |       ||     1
  Eat: Corpse            |     5 |    15 |     4 ||    24
Armor: Leather armour    |    44 |    41 |    16 ||   101
Dodge: Dodged            |    48 |   124 |    70 ||   242
